 Dungeon Sprint DCSS version 0.31.0-9-g3a7656b989 (webtiles) character file.

Game seed: 14859467045208864516

1659 Heoruswealwe the Cleaver (level 8, -4/83 HPs)
             Began as a Minotaur Fighter on Feb 6, 2024.
             Was an Initiate of Gozag.
             Slain by a red ugly thing (18 damage)
             ... in the Dungeon (Sprint IX: "|||||||||||||||||||||||||||||").
             The game lasted 00:04:02 (261 turns).

Heoruswealwe the Cleaver (Minotaur Fighter)          Turns: 261, Time: 00:04:06

Health: -4/83      AC: 20    Str: 27    XL:     8   Next: 68%
Magic:  7/7        EV:  7    Int:  5    God:    Gozag
Gold:   252        SH:  4    Dex:  9    Spells: 7/7 levels left

rFire   . . .        b - +8 mithril axe "Arga" {speed, Will+}
rCold   . . .        d - +0 buckler
rNeg    . . .        c - +0 plate armour
rPois   .            (helmet restricted)
rElec   .            h - +0 cloak
rCorr   .            f - +0 pair of gloves
SInv    .            (no boots)
Will    +....        (no amulet) Stlth
                     k - +2 ring of protection
HPRegen 0.33/turn    j - +3 ring of strength
MPRegen 0.10/turn

%: no teleportation
@: gold aura
A: horns 2, retaliatory headbutt
a: Renounce Religion, Potion Petition, Call Merchant, Bribe Branch


You were in the Dungeon.
You worshipped Gozag.
Gozag was aware of your devotion.
You visited 1 branch You collected 252 gold pieces.

Inventory:

Hand Weapons
 a - a +0 trident
 b - the +8 mithril axe "Arga" (weapon) {speed, Will+}
   (You found it in the Dungeon)

   Will+:     It increases your willpower.
Armour
 c - a +0 plate armour (worn)
 d - a +0 buckler (worn)
 f - a +0 pair of gloves (worn)
 h - a +0 cloak (worn)
Jewellery
 j - a +3 ring of strength (right hand)
 k - a +2 ring of protection (left hand)
Wands
 m - a wand of roots (10)
Scrolls
 o - 2 scrolls of blinking
Potions
 e - 5 potions of curing
 g - a potion of haste
 i - a potion of berserk rage
 l - 3 potions of heal wounds
 n - a potion of might


   Skills:
 + Level 12.2 Fighting
 * Level 14.1(15.0) Axes
 - Level 8.7(12.5) Polearms
 + Level 12.2 Armour
 - Level 3.6 Shields


You had 7 spell levels left.
You didn't know any spells.
Your spell library was empty.

Dungeon Overview and Level Annotations

Branches:
Dungeon (1/1)

Altars:
Cheibriados
Dithmenos
Elyvilon
Fedhas
Gozag
Hepliaklqana
Kikubaaqudgha
Makhleb
Nemelex Xobeh
Okawaru
Qazlal
Ru
Sif Muna
Trog
Uskayaw
Vehumet
Wu Jian
Xom
Yredelemnul
Zin
The Shining One
Jiyva
Lugonu


Innate Abilities, Weirdness & Mutations

You have a pair of horns on your head.
You reflexively headbutt those who attack you in melee.


Message History

You block the tengu warrior's attack. The tengu warrior closely misses you.
You hit the tengu warrior.
The tengu warrior is lightly wounded.
The tengu warrior blocks your attack. x2
The tengu warrior is lightly wounded.
You slash the red ugly thing!
The tengu warrior hits you but does no damage.
You block the tengu warrior's attack. x2
You barely miss the tengu warrior. Your headbutt misses the tengu warrior.
The tengu warrior is lightly wounded.
You completely miss the red ugly thing. The red ugly thing pecks you!
You are engulfed in flames!
You slash the red ugly thing!
The red ugly thing is moderately wounded.
You barely miss the tengu warrior.
The vampire mosquito is no longer distracted by gold.
The vampire mosquito is distracted by your dazzling golden aura.
The tengu warrior hits you with a +1 long sword of electrocution.
The tengu warrior barely misses you.
The tengu warrior claws you but does no damage.
You barely miss the red ugly thing.
The red ugly thing is moderately wounded.
You miss the tengu warrior. The red ugly thing barely misses you.
You furiously retaliate!
You headbutt the red ugly thing. You completely miss the red ugly thing.
The red ugly thing is moderately wounded.
You closely miss the tengu warrior.
The tengu warrior hits you with a +1 long sword of electrocution!
* * * LOW HITPOINT WARNING * * *
The tengu warrior pecks you but does no damage.
The tengu warrior claws you but does no damage.
The vampire mosquito buzzes angrily.
You hit the red ugly thing but do no damage.
Your headbutt misses the red ugly thing.
The red ugly thing is moderately wounded.
The tengu warrior blocks your attack. The red ugly thing pecks you!
* * * LOW HITPOINT WARNING * * *
You are engulfed in flames!!
You die...
Your body crumbles into a pile of gold.

▓.▓
▓.▓
▓.▓
▓y▓
▓.▓
▓.▓
▓u▓
▓@▓
▓Q▓
▓.▓
▓.▓
▓.▓
▓.▓
▓)▓
▓.▓
▓.▓


You could see a red ugly thing, a tengu warrior and a vampire mosquito.

Vanquished Creatures
  A two-headed ogre (D)
  A manticore (D)
  A wraith (D)
  A vampire mosquito (D)
  2 orc warriors (D)
  A gnoll sergeant (D)
  A scorpion (D)
  2 howler monkeys (D)
  2 bombardier beetles (D)
  A white imp (D)
  A dart slug (D)
  An orc (D)
  An endoplasm (D)
  A goblin (D)
  A jackal (D)
  A rat (D)
19 creatures vanquished.

Notes
Turn   | Place    | Note
-------+----------+-------------------------------------------
     0 | D        | Heoruswealwe the Minotaur Fighter began the quest for the
                  | Orb.
     0 | D        | Reached XP level 1. HP: 19/19 MP: 0/0
    26 | D        | Noticed a bombardier beetle
    26 | D        | Noticed a bombardier beetle
    26 | D        | Noticed a scorpion
    31 | D        | Reached XP level 2. HP: 24/28 MP: 1/1
    34 | D        | Killed a scorpion
    35 | D        | Reached skill level 5 in Fighting
    35 | D        | Reached skill level 5 in Armour
    35 | D        | Reached XP level 3. HP: 28/37 MP: 2/2
    35 | D        | Reached XP level 4. HP: 34/44 MP: 3/3
    53 | D        | Found a snail-covered altar of Cheibriados.
    53 | D        | Found a shadowy altar of Dithmenos.
    53 | D        | Found a white marble altar of Elyvilon.
    53 | D        | Found a blossoming altar of Fedhas.
    53 | D        | Found an opulent altar of Gozag.
    54 | D        | Found a hazy altar of Hepliaklqana.
    55 | D        | Found a viscous altar of Jiyva.
    56 | D        | Found an ancient bone altar of Kikubaaqudgha.
    57 | D        | Found a corrupted altar of Lugonu.
    58 | D        | Found a burning altar of Makhleb.
    59 | D        | Found a sparkling altar of Nemelex Xobeh.
    60 | D        | Found an iron altar of Okawaru.
    61 | D        | Became a worshipper of Gozag Ym Sagoz the Greedy
    62 | D        | Found a stormy altar of Qazlal.
    63 | D        | Found a sacrificial altar of Ru.
    64 | D        | Found a shimmering blue altar of Sif Muna.
    65 | D        | Found a bloodstained altar of Trog.
    66 | D        | Found a hide-covered altar of Uskayaw.
    67 | D        | Found a radiant altar of Vehumet.
    68 | D        | Found an ornate altar of the Wu Jian Council.
    69 | D        | Found a shimmering altar of Xom.
    70 | D        | Found a basalt altar of Yredelemnul.
    71 | D        | Found a glowing silver altar of Zin.
    72 | D        | Found a glowing golden altar of the Shining One.
    80 | D        | Found the +8 mithril axe "Arga" {speed, Will+}
   136 | D        | Noticed an orc warrior
   136 | D        | Noticed an orc warrior
   136 | D        | Noticed a gnoll sergeant
   136 | D        | Noticed a wraith
   141 | D        | Reached skill level 3 in Axes
   141 | D        | Reached XP level 5. HP: 52/52 MP: 4/4
   146 | D        | Killed a wraith
   147 | D        | Reached skill level 7 in Axes
   147 | D        | Reached XP level 6. HP: 55/62 MP: 5/5
   154 | D        | Reached skill level 8 in Axes
   157 | D        | Killed an orc warrior
   158 | D        | Reached skill level 9 in Axes
   160 | D        | Killed an orc warrior
   161 | D        | Reached XP level 7. HP: 47/71 MP: 6/6
   163 | D        | Reached skill level 10 in Fighting
   163 | D        | Reached skill level 10 in Axes
   163 | D        | Reached skill level 10 in Armour
   237 | D        | Noticed a red ugly thing
   237 | D        | Noticed a tengu warrior
   237 | D        | Noticed a manticore
   237 | D        | Noticed a vampire mosquito
   237 | D        | Noticed a vampire mosquito
   237 | D        | Noticed a two-headed ogre
   241 | D        | Killed a vampire mosquito
   246 | D        | Killed a two-headed ogre
   247 | D        | Reached skill level 13 in Axes
   247 | D        | Reached XP level 8. HP: 72/83 MP: 7/7
   251 | D        | Killed a manticore
   252 | D        | Reached skill level 14 in Axes
   261 | D        | Slain by a red ugly thing

Illustrated notes

Levels and vault maps discovered:
D:        linesprint [early_d, line_temple, items_1, d_10, items_2, lair_1,
          lair_end, items_3, orc_1, orc_end, items_4, d_15, swamp_1, shoals_1,
          snake_1, spider_1, d_20, vaults_1, items_5, swamp_end, shoals_end,
          snake_end, spider_end, vaults_end, d_27, items_6, zot_1, zot_end,
          crypt_end, forest_end, elf_end, slime_end, tomb_end, abyss_end,
          pan_hell_end]

Skill      XL: |  1  2  3  4  5  6  7  8 |
---------------+-------------------------+-----
Polearms       | 4 7 8 |  8.7
Fighting       | 4 5 7 8 9 11 12 | 12.2
Armour         | 4 5 7 8 9 11 12 | 12.2
Axes           | 3 7 9 13 14 | 14.1
Shields        | |  3.6

Action                     |  1- 3 |  4- 6 |  7- 9 || total
---------------------------+-------+-------+-------++-------
  Melee: Trident           |    18 |    12 |       ||    30
         Headbutt          |     2 |     6 |     3 ||    11
         Broad axe         |       |    20 |    23 ||    43
 Armour: Scale mail        |     9 |     3 |       ||    12
         Plate armour      |       |    11 |    20 ||    31
  Dodge: Dodged            |     5 |     6 |     8 ||    19
  Block: Buckler           |     1 |     6 |     5 ||    12
